APP
BLUEFIELD BLUE JAYS @ BALTIMORE (APP) ORIOLES
08/01/2044
 
TOP OF THE 1ST
Bluefield Blue Jays batting - Pitching for Baltimore (APP) Orioles : RHP Jun-seok Pak
Pitching: RHP Jun-seok Pak
Batting: RHB Tokuji Kawabata 0-0: Ball
1-0: Called Strike
1-1: Called Strike
1-2: Foul Ball, location: 2F
1-2: Ball
2-2: Ground out 5-3 (Groundball, 5L, EV 83.8 MPH)
Batting: RHB Wade Diamond 0-0: DOUBLE (Line Drive, 89XD, EV 109.4 MPH)
Batting: LHB Cesar Arteaga 0-0: Ball
1-0: Called Strike
1-1: Swinging Strike
1-2: Ball
2-2: Ball
3-2: Foul Ball, location: 2F
3-2: Foul Ball, location: 2F
3-2: Fly out, F9 (Line Drive, 9D, EV 98.1 MPH)
Batting: SHB Jack Andrews 0-0: Called Strike
0-1: Ball
1-1: Foul Ball, location: 2F
1-2: Ground out 4-3 (Groundball, 34, EV 86.3 MPH)
Top of the 1st over - 0 runs, 1 hit, 0 errors, 1 left on base; Bluefield 0 - Baltimore (APP) 0
BOTTOM OF THE 1ST
Baltimore (APP) Orioles batting - Pitching for Bluefield Blue Jays : RHP Scott Olson
Pitching: RHP Scott Olson
Batting: LHB Eric Jackson 0-0: Swinging Strike
0-1: Ball
1-1: Swinging Strike
1-2: Foul Ball, location: 2F
1-2: Foul Ball, location: 2F
1-2: Ground out 4-3 (Groundball, 4M, EV 105.6 MPH)
Batting: RHB Mike Zepeda 0-0: Ball
1-0: Ball
2-0: Called Strike
2-1: Hit by Pitch
Batting: RHB Jeremy Sipe 0-0: Ball
Mike Zepeda steals 2nd base
1-0: Ball
Wild Pitch!
Mike Zepeda to third
2-0: Ground out U3 (Groundball, 3, EV 101.9 MPH)
Batting: LHB Bill Ostlund 0-0: Called Strike
0-1: Called Strike
0-2: Strikes out looking
Bottom of the 1st over - 0 runs, 0 hits, 0 errors, 1 left on base; Bluefield 0 - Baltimore (APP) 0
TOP OF THE 2ND
Bluefield Blue Jays batting - Pitching for Baltimore (APP) Orioles : RHP Jun-seok Pak
Batting: LHB Frank Nelson 0-0: Ball
1-0: SINGLE (Groundball, 34D, EV 97.5 MPH)
Batting: RHB Mike Johnson 0-0: Called Strike
0-1: Ball
1-1: Ball
2-1: Ball
3-1: SINGLE (Line Drive, 4M, EV 98.1 MPH)
Frank Nelson to second
Batting: RHB John Hering 0-0: Called Strike
0-1: Fly out, F8 (Flyball, 78M, EV 73.8 MPH)
Batting: RHB Jose Molina 0-0: Called Strike
0-1: Ball
1-1: Foul Ball, location: 2F
1-2: Strikes out swinging
Batting: RHB Ed Swafford 0-0: Swinging Strike
0-1: Ball
1-1: Ball
2-1: Called Strike
2-2: Strikes out looking
Top of the 2nd over - 0 runs, 2 hits, 0 errors, 2 left on base; Bluefield 0 - Baltimore (APP) 0
BOTTOM OF THE 2ND
Baltimore (APP) Orioles batting - Pitching for Bluefield Blue Jays : RHP Scott Olson
Batting: RHB J.J. Basil 0-0: Ball
1-0: Called Strike
1-1: Ball
2-1: Foul Ball, location: 2F
2-2: Foul Ball, location: 2F
2-2: Ground out 4-3 (Groundball, 34, EV 102.5 MPH)
Batting: LHB Rodolfo Montes 0-0: Called Strike
0-1: SINGLE (Groundball, 56S, EV 56.9 MPH) (infield hit)
Batting: RHB Fernando Bravo 0-0: Called Strike
Rodolfo Montes steals 2nd base
0-1: Foul Ball, location: 2F
0-2: Ball
1-2: Ball
2-2: Fly out, F9 (Flyball, 89D, EV 91.3 MPH)
Runner from 2nd tags up, SAFE at 3rd, no throw by RF
Batting: RHB Matt O'Dea 0-0: Called Strike
0-1: Foul Ball, location: 2F
0-2: Foul Ball, location: 2F
0-2: Ball
1-2: Foul Ball, location: 2F
1-2: Foul Ball, location: 2F
1-2: Ball
2-2: Ball
3-2: SINGLE (Line Drive, 6D, EV 94.4 MPH)
Rodolfo Montes scores
Batting: RHB Ioan Biros 0-0: Ball
1-0: Ball
2-0: Foul Ball, location: 2F
2-1: Foul Ball, location: 2F
2-2: Fielders Choice at 2nd, 6-4 (Groundball, 6, EV 81.3 MPH)
Bottom of the 2nd over - 1 run, 2 hits, 0 errors, 1 left on base; Bluefield 0 - Baltimore (APP) 1
TOP OF THE 3RD
Bluefield Blue Jays batting - Pitching for Baltimore (APP) Orioles : RHP Jun-seok Pak
Batting: RHB Tokuji Kawabata 0-0: Called Strike
0-1: Ball
1-1: Ball
2-1: Swinging Strike
2-2: Strikes out looking
Batting: RHB Wade Diamond 0-0: Ball
1-0: Ground out 5-3 (Groundball, 56, EV 89.4 MPH)
Batting: LHB Cesar Arteaga 0-0: Ball
1-0: Ball
2-0: Called Strike
2-1: Ball
3-1: Called Strike
3-2: Strikes out swinging
Top of the 3rd over - 0 runs, 0 hits, 0 errors, 0 left on base; Bluefield 0 - Baltimore (APP) 1
BOTTOM OF THE 3RD
Baltimore (APP) Orioles batting - Pitching for Bluefield Blue Jays : RHP Scott Olson
Batting: LHB Eric Jackson 0-0: Ball
1-0: Foul Ball, location: 2F
1-1: Ball
2-1: SINGLE (Line Drive, 56D, EV 106.9 MPH)
Batting: RHB Mike Zepeda 0-0: Fielders Choice at 2nd, 4-6 (Groundball, 4, EV 104.4 MPH)
Batting: RHB Jeremy Sipe Pickoff Play to 1st, Runner tries for 2nd, OUT after rundown.
0-0: Fly out, F7 (Line Drive, 7, EV 95.6 MPH)
Bottom of the 3rd over - 0 runs, 1 hit, 0 errors, 0 left on base; Bluefield 0 - Baltimore (APP) 1
TOP OF THE 4TH
Bluefield Blue Jays batting - Pitching for Baltimore (APP) Orioles : RHP Jun-seok Pak
Batting: SHB Jack Andrews 0-0: Ground out 1-3 (Groundball, 34S, EV 69.4 MPH)
Batting: LHB Frank Nelson 0-0: Foul Ball, location: 2F
0-1: Called Strike
0-2: Ball
1-2: Strikes out swinging
Batting: RHB Mike Johnson 0-0: Called Strike
0-1: Foul Ball, location: 2F
0-2: Ball
1-2: Ball
2-2: Ground out 6-3 (Groundball, 6, EV 86.9 MPH)
Top of the 4th over - 0 runs, 0 hits, 0 errors, 0 left on base; Bluefield 0 - Baltimore (APP) 1
BOTTOM OF THE 4TH
Baltimore (APP) Orioles batting - Pitching for Bluefield Blue Jays : RHP Scott Olson
Batting: LHB Bill Ostlund 0-0: Ball
1-0: Ball
2-0: Ball
3-0: Called Strike
3-1: Called Strike
3-2: Strikes out swinging
Batting: RHB J.J. Basil 0-0: Foul Ball, location: 2F
0-1: Called Strike
0-2: Ball
1-2: Ball
2-2: Foul Ball, location: 2F
2-2: DOUBLE (Line Drive, 78XD, EV 106.3 MPH)
Batting: LHB Rodolfo Montes 0-0: Foul Ball, location: 2F
0-1: Ball
1-1: Ball
2-1: Fly out, F3 (Line Drive, 3, EV 69.4 MPH)
Batting: RHB Fernando Bravo 0-0: Ball
1-0: Ground out 5-3 (Groundball, 56S, EV 87.5 MPH)
Bottom of the 4th over - 0 runs, 1 hit, 0 errors, 1 left on base; Bluefield 0 - Baltimore (APP) 1
TOP OF THE 5TH
Bluefield Blue Jays batting - Pitching for Baltimore (APP) Orioles : RHP Jun-seok Pak
Batting: RHB John Hering 0-0: Foul Ball, location: 2F
0-1: Ground out 6-3 (Groundball, 6M, EV 84.4 MPH)
Batting: RHB Jose Molina 0-0: Called Strike
0-1: Foul Ball, location: 2F
0-2: Ball
1-2: Strikes out looking
Batting: RHB Ed Swafford 0-0: DOUBLE (Flyball, 78D, EV 95.0 MPH)
Batting: RHB Tokuji Kawabata 0-0: Called Strike
0-1: Swinging Strike
0-2: Ground out 5-3 (Groundball, 56, EV 88.1 MPH)
Top of the 5th over - 0 runs, 1 hit, 0 errors, 1 left on base; Bluefield 0 - Baltimore (APP) 1
BOTTOM OF THE 5TH
Baltimore (APP) Orioles batting - Pitching for Bluefield Blue Jays : RHP Scott Olson
Pitching: RHP Joe Spencer
Batting: RHB Matt O'Dea 0-0: Ball
1-0: Ball
2-0: Called Strike
2-1: Foul Ball, location: 2F
2-2: DOUBLE (Flyball, 89D, EV 95.6 MPH)
Batting: RHB Ioan Biros 0-0: Called Strike
0-1: Swinging Strike
0-2: Foul Ball, location: 2F
0-2: Ball
1-2: Ball
2-2: Ball
3-2: Strikes out swinging, 2-3 out at first.
Batting: LHB Eric Jackson 0-0: Called Strike
0-1: Ball
1-1: Called Strike
1-2: Ball
2-2: Foul Ball, location: 2F
2-2: SINGLE (Line Drive, 5L, EV 96.9 MPH)
Matt O'Dea to third
Pitching: RHP Bobby Leija
Batting: RHB Mike Zepeda 0-0: Ball
Eric Jackson steals 2nd base (no throw)
1-0: Ball
2-0: Ball
3-0: Base on Balls
Batting: RHB Jeremy Sipe 0-0: Ball
1-0: Ball
2-0: Ball
3-0: Base on Balls
Matt O'Dea scores
Eric Jackson to third
Mike Zepeda to second
Batting: LHB Bill Ostlund 0-0: Foul Ball, location: 2F
0-1: Ball
1-1: Ball
2-1: Ball
3-1: Base on Balls
Eric Jackson scores
Mike Zepeda to third
Jeremy Sipe to second
Batting: RHB J.J. Basil 0-0: Ball
1-0: Ball
2-0: DOUBLE (Flyball, 9LD, EV 113.8 MPH)
Mike Zepeda scores
Jeremy Sipe scores
Bill Ostlund to third
Batting: LHB Rodolfo Montes 0-0: Called Strike
0-1: Ball
1-1: Swinging Strike
1-2: Ground out 6-3 (Groundball, 6, EV 105.6 MPH)
Bill Ostlund scores
Batting: RHB Fernando Bravo 0-0: Called Strike
0-1: Foul Ball, location: 2F
0-2: Ball
1-2: Ground out 4-3 (Groundball, 4MD, EV 88.1 MPH)
Bottom of the 5th over - 5 runs, 3 hits, 0 errors, 1 left on base; Bluefield 0 - Baltimore (APP) 6
TOP OF THE 6TH
Bluefield Blue Jays batting - Pitching for Baltimore (APP) Orioles : RHP Jun-seok Pak
Batting: RHB Wade Diamond 0-0: Called Strike
0-1: Ball
1-1: Ball
2-1: Fly out, F3 (Popup, 3F, EV 59.4 MPH)
Batting: LHB Cesar Arteaga 0-0: Foul Ball, location: 2F
0-1: Foul Ball, location: 2F
0-2: Ball
1-2: Ball
2-2: Ball
3-2: Base on Balls
Pitching: RHP Angel Gonzales
Batting: SHB Jack Andrews 0-0: Called Strike
Cesar Arteaga steals 2nd base
0-1: Foul Ball, location: 2F
0-2: Ball
1-2: Ball
2-2: Ball
3-2: Strikes out swinging
Batting: LHB Frank Nelson 0-0: Ball
1-0: SINGLE (Line Drive, 6MD, EV 102.5 MPH)
Cesar Arteaga to third
Runner from 3rd tries for Home, throw by CF and OUT! 8-2
Top of the 6th over - 0 runs, 1 hit, 0 errors, 1 left on base; Bluefield 0 - Baltimore (APP) 6
BOTTOM OF THE 6TH
Baltimore (APP) Orioles batting - Pitching for Bluefield Blue Jays : RHP Bobby Leija
Batting: RHB Matt O'Dea 0-0: Ball
1-0: Fly out, F7 (Flyball, 7D, EV 85.0 MPH)
Pitching: RHP Dave Kurtz
Batting: RHB Ioan Biros 0-0: Ball
1-0: Ground out 4-3 (Groundball, 4, EV 93.1 MPH)
Batting: LHB Eric Jackson 0-0: Called Strike
0-1: Foul Ball, location: 2F
0-2: Ground out U3 (Groundball, 3, EV 106.3 MPH)
Bottom of the 6th over - 0 runs, 0 hits, 0 errors, 0 left on base; Bluefield 0 - Baltimore (APP) 6
TOP OF THE 7TH
Bluefield Blue Jays batting - Pitching for Baltimore (APP) Orioles : RHP Angel Gonzales
Batting: RHB Mike Johnson 0-0: Called Strike
0-1: Swinging Strike
0-2: Ball
1-2: Fly out, F5 (Line Drive, 5, EV 71.9 MPH)
Batting: RHB John Hering 0-0: Called Strike
0-1: Ground out 6-3 (Groundball, 6, EV 96.9 MPH)
Batting: RHB Jose Molina 0-0: Ground out 6-3 (Groundball, 6D, EV 104.4 MPH)
Top of the 7th over - 0 runs, 0 hits, 0 errors, 0 left on base; Bluefield 0 - Baltimore (APP) 6
BOTTOM OF THE 7TH
Baltimore (APP) Orioles batting - Pitching for Bluefield Blue Jays : RHP Dave Kurtz
Batting: RHB Mike Zepeda 0-0: Called Strike
0-1: Ball
1-1: Fly out, F9 (Line Drive, 9, EV 85.6 MPH)
Batting: RHB Jeremy Sipe 0-0: Foul Ball, location: 2F
0-1: Called Strike
0-2: Ground out 5-3 (Groundball, 56, EV 111.9 MPH)
Batting: LHB Bill Ostlund 0-0: Swinging Strike
0-1: Foul Ball, location: 2F
0-2: Ball
1-2: Foul Ball, location: 2F
1-2: Foul Ball, location: 2F
1-2: Fly out, F3 (Popup, 3SF, EV 73.8 MPH)
Bottom of the 7th over - 0 runs, 0 hits, 0 errors, 0 left on base; Bluefield 0 - Baltimore (APP) 6
TOP OF THE 8TH
Bluefield Blue Jays batting - Pitching for Baltimore (APP) Orioles : RHP Angel Gonzales
Batting: RHB Ed Swafford 0-0: Ball
1-0: Called Strike
1-1: Swinging Strike
1-2: Foul Ball, location: 2F
1-2: Strikes out swinging
Batting: RHB Tokuji Kawabata 0-0: Called Strike
0-1: Ball
1-1: Foul Ball, location: 2F
1-2: Strikes out swinging
Batting: RHB Wade Diamond 0-0: Ball
1-0: Ball
2-0: Ball
3-0: Called Strike
3-1: Base on Balls
Batting: LHB Cesar Arteaga 0-0: Ball
1-0: Fly out, F8 (Flyball, 8RD, EV 88.8 MPH)
Top of the 8th over - 0 runs, 0 hits, 0 errors, 1 left on base; Bluefield 0 - Baltimore (APP) 6
BOTTOM OF THE 8TH
Baltimore (APP) Orioles batting - Pitching for Bluefield Blue Jays : RHP Dave Kurtz
Batting: RHB J.J. Basil 0-0: Called Strike
0-1: Ball
1-1: Called Strike
1-2: Foul Ball, location: 2F
1-2: Strikes out swinging
Pitching: LHP Dylan Batstone
Batting: LHB Rodolfo Montes 0-0: Called Strike
0-1: Ball
1-1: Ball
2-1: Foul Ball, location: 2F
2-2: Strikes out swinging
Batting: RHB Fernando Bravo 0-0: Ball
1-0: Called Strike
1-1: Called Strike
1-2: Ball
2-2: Foul Ball, location: 2F
2-2: Ball
3-2: Base on Balls
Batting: RHB Matt O'Dea 0-0: Called Strike
0-1: Ball
1-1: Foul Ball, location: 2F
1-2: Ball
2-2: DOUBLE (Line Drive, 7LM, EV 89.4 MPH)
Fernando Bravo to third
Batting: RHB Ioan Biros 0-0: Foul Ball, location: 2F
0-1: Ground out 5-3 (Groundball, 5, EV 111.9 MPH)
Bottom of the 8th over - 0 runs, 1 hit, 0 errors, 2 left on base; Bluefield 0 - Baltimore (APP) 6
TOP OF THE 9TH
Bluefield Blue Jays batting - Pitching for Baltimore (APP) Orioles : RHP Angel Gonzales
Pitching: LHP Freddy Gutierrez
Batting: SHB Jack Andrews 0-0: Foul Ball, location: 2F
0-1: Swinging Strike
0-2: Foul Ball, location: 2F
0-2: Ball
1-2: Strikes out swinging
Batting: LHB Frank Nelson 0-0: Fly out, F6 (Flyball, 56D, EV 86.9 MPH)
Batting: RHB Mike Johnson 0-0: Called Strike
0-1: Ball
1-1: Ground out U3 (Groundball, 34S, EV 86.3 MPH)
Top of the 9th over - 0 runs, 0 hits, 0 errors, 0 left on base; Bluefield 0 - Baltimore (APP) 6
Thursday, March 31st , 2022 - OOTP Baseball 22.12 Build 89